 Dungeon Crawl Stone Soup version 0.25-a0-719-gde951dce62 (webtiles) character file.

Game seed: 17524006759417479235, levelgen mode: deterministic

387 Edwards80 the Sneak (level 6, -14/48 HPs)
             Began as a Demigod Assassin on Mar 14, 2020.
             Demolished by an ogre
             ... wielding a cursed -3 giant spiked club
              (17 damage)
             ... on level 4 of the Dungeon on Apr 6, 2020.
             The game lasted 00:10:00 (3213 turns).

Edwards80 the Sneak (Demigod Assassin)              Turns: 3213, Time: 00:10:01

Health: -14/48     AC:  4    Str: 14    XL:     6   Next: 24%
Magic:  8/8        EV: 12    Int: 15    God:
Gold:   254        SH:  0    Dex: 23    Spells: 5/5 levels left

rFire    . . .     SeeInvis .   a - +5 dagger
rCold    . . .     Gourm    .   (no shield)
rNeg     . . .     Faith    .   b - +0 robe
rPois    .         Spirit   .   (no helmet)
rElec    .         Reflect  .   c - +0 cloak
rCorr    .         Harm     .   (no gloves)
MR       .....                  l - +0 pair of boots
Stlth    ++++......             (no amulet)
HPRegen  0.16/turn              o - +2 ring of dexterity
MPRegen  0.11/turn              p - ring of wizardry

@: no status effects
A: high mp 1
a: no special abilities


You were on level 4 of the Dungeon.
You were not hungry.

You visited 1 branch of the dungeon, and saw 5 of its levels.

You collected 254 gold pieces.

Inventory:

Hand Weapons
 a - a +5 dagger (weapon)
Missiles
 d - 8 poisoned darts (quivered)
 e - 2 curare-tipped darts
Armour
 b - a +0 robe (worn)
 c - a +0 cloak (worn)
 l - a +0 pair of boots (worn)
Jewellery
 o - a +2 ring of dexterity (left hand)
 p - a ring of wizardry (right hand)
Scrolls
 h - a scroll of immolation {unknown}
 i - a scroll of blinking {unknown}
 j - 3 scrolls of teleportation
 m - a scroll of enchant armour {unknown}
 r - a scroll of fear {unknown}
 v - 2 scrolls of identify
Potions
 g - a potion of heal wounds {unknown}
 k - a potion of lignification {unknown}
 n - a potion of haste {unknown}
 q - a potion of curing {unknown}
 t - a potion of brilliance {unknown}
 u - a potion of might {unknown}
Comestibles
 f - 10 rations
 s - 2 chunks of flesh


   Skills:
 - Level 1.7 Fighting
 + Level 4.9 Short Blades
 - Level 1.7 Throwing
 - Level 0.8 Dodging
 + Level 5.7 Stealth


You had 5 spell levels left.
You didn't know any spells.
Your spell library contained the following spells:

 Spells                   Type           Power        Failure   Level  Hunger
 Animate Skeleton         Necr           N/A          11%         1    ##.....
 Apportation              Tloc           #.....       11%         1    ##.....
 Beastly Appendage        Tmut           #.....       11%         1    ##.....
 Corona                   Hex            #......      11%         1    ##.....
 Summon Small Mammal      Summ           #...         11%         1    ##.....
 Sticks to Snakes         Tmut           #.......     16%         2    ###....
 Spider Form              Tmut/Pois      #.........   32%         3    ####...
 Ice Form                 Ice/Tmut       #.......     69%         4    #####..
 Blade Hands              Tmut           #.........   95%         5    ######.


Dungeon Overview and Level Annotations

Branches:
Dungeon (5/15)             Temple (0/1) D:4


Innate Abilities, Weirdness & Mutations

You have an increased reservoir of magic. (+10% MP)


Message History

You hit the ogre.
The ogre is heavily wounded.
The ogre closely misses you.
You hit the ogre.
The ogre is heavily wounded.
The ooze misses you.
There is a stone staircase leading up here.
The ooze barely misses you.
The ogre hits you with a cursed -3 giant spiked club!!
* * * LOW HITPOINT WARNING * * *
You climb upwards.
There is a stone staircase leading down here.
You hit the ooze.
The ooze is lightly wounded.
The ooze hits you.
* * * LOW HITPOINT WARNING * * *
You puncture the ooze!
The ooze is severely wounded.
The ogre hits you with a cursed -3 giant spiked club!
You die...

###.....#
##.##..###....
##.....#
##..#.###.##.
###......##
##....#..##.
##.........#
##.#...###.
###..[..###..#
#.###.# #)
###....####
#..#
#.....###.
###....###
##.#
#####.....
#...#### #J#
####)# ..###
#@## ##.# ###
#O.# #..# #
#..# #..# #..#
#.## ##.#
##..# #.##
#.... ### #..#
##.... ##.##
#..# ##.#...
#...###..#
##..####


You could see an ogre and an ooze.

Vanquished Creatures
  An ogre (D:4)
  2 howler monkeys (D:4)
  2 worker ants (D:4)
  A hound skeleton (D:4)
  3 adders
  4 gnolls (D:2)
  3 worms
  A dart slug (D:1)
  4 leopard geckos
  2 orcs
  4 giant cockroaches
  10 goblins
  11 hobgoblins
  10 jackals
  9 kobolds
  4 ball pythons
  4 bats
  8 frilled lizards
  7 rats
90 creatures vanquished.

Notes
Turn   | Place    | Note
-------+----------+-------------------------------------------
     0 | D:1      | Edwards80 the Demigod Assassin began the quest for the Orb.
     0 | D:1      | Reached XP level 1. HP: 17/17 MP: 3/3
   173 | D:1      | Reached XP level 2. HP: 16/24 MP: 4/4
   272 | D:1      | Upgraded the game from 0.25-a0-591-g2ad0d861f1 to
                  | 0.25-a0-719-gde951dce62
   934 | D:2      | Reached XP level 3. HP: 28/29 MP: 5/5
   954 | D:2      | Reached skill level 4 in Stealth
  1326 | D:2      | Reached XP level 4. HP: 18/36 MP: 6/6
  2300 | D:4      | Noticed an ogre
  2318 | D:4      | Killed an ogre
  2318 | D:4      | Reached skill level 5 in Stealth
  2318 | D:4      | Reached XP level 5. HP: 41/41 MP: 7/7
  2346 | D:4      | Found a staircase to the Ecumenical Temple.
  2357 | D:4      | Found a stormy altar of Qazlal.
  2358 | D:4      | Noticed a water elemental
  2368 | D:4      | Noticed a fire elemental
  2368 | D:4      | Noticed an air elemental
  2517 | D:4      | Reached XP level 6. HP: 48/48 MP: 8/8
  3199 | D:5      | Entered Level 5 of the Dungeon
  3213 | D:4      | Demolished by an ogre

Levels and vault maps discovered:
D:1:      dpeg_arrival_rhombus, layout_basic
D:2:      layout_basic, first_ration, dk_vineyard_1, kennysheep_cross_bottleneck
D:3:      layout_rooms
D:4:      layout_cave_pods, nicolae_qazlal_style_of_elements,
          minmay_temple_entry_wispy
D:5:      layout_loops_ring, gammafunk_ghost_abyssal_escape, serial_shops,
          shop_fountains, kennysheep_flooded_box, ebering_dispersal_statue_hall

Skill      XL: |  1  2  3  4 |
---------------+-------------+-----
Short Blades   | 2 3 4 |  4.9
Stealth        | 4 5 |  5.7
Fighting       | |  1.7
Throwing       | |  1.7
Dodging        | |  0.8

Action                   |  1- 3 |  4- 6 || total
-------------------------+-------+-------++-------
Melee: Dagger            |   107 |   164 ||   271
Throw: Dart              |       |     2 ||     2
  Use: Scroll            |     6 |     4 ||    10
 Stab: Sleeping          |     9 |     5 ||    14
       Distracted        |     1 |       ||     1
  Eat: Chunk             |     1 |     6 ||     7
Armor: Robe              |    21 |    38 ||    59
Dodge: Dodged            |    49 |    89 ||   138

Table legend:
 A = Non-vault XP
 B = Vault XP
 C = Vault XP percentage of total XP
 D = Non-vault monster count
 E = Vault monster count
 F = Vault count percentage of total count
                 A         B        C        D         E       F
            +---------+---------+-------+---------+---------+-------
      Total |     554 |       0 |   0.0 |      90 |       0 |   0.0
            +---------+---------+-------+---------+---------+-------
        D:1 |      41 |       0 |   0.0 |      22 |       0 |   0.0
        D:2 |      90 |       0 |   0.0 |      15 |       0 |   0.0
        D:3 |      74 |       0 |   0.0 |      34 |       0 |   0.0
        D:4 |     348 |       0 |   0.0 |      18 |       0 |   0.0
        D:5 |       1 |       0 |   0.0 |       1 |       0 |   0.0
            +---------+---------+-------+---------+---------+-------
